 Dungeon Crawl Stone Soup version 0.29-a0-234-g0dae59b3db (webtiles) character file.

Game seed: 1979983554526689042

133 esteth the Ruffian (level 4, 0/35 HPs)
             Began as a Demonspawn Abyssal Knight on Mar 2, 2022.
             Was a Believer of Lugonu.
             Slain by an orc
             ... wielding a +0 whip
              (3 damage)
             ... on level 3 of the Dungeon.
             The game lasted 00:04:00 (3661 turns).

esteth the Ruffian (Demonspawn Abyssal Knight)      Turns: 3661, Time: 00:04:01

Health: 0/35       AC:  3    Str: 14    XL:     4   Next: 93%
Magic:  5/5        EV: 11    Int: 13    God:    Lugonu [**....]
Gold:   112        SH:  0    Dex: 13    Spells: 3/3 levels left

rFire   . . .      SeeInvis .     - Unarmed
rCold   . . .      Faith    .   (no shield)
rNeg    . . .      Spirit   .   a - +0 leather armour
rPois   .          Reflect  .   (no helmet)
rElec   .          Harm     .   (no cloak)
rCorr   .          Rampage  .   (no gloves)
Will    .....                   (no boots)
Stlth   +.........              (no amulet)
HPRegen 0.11/turn               (no ring)
MPRegen 0.09/turn               (no ring)

@: no status effects
A: hooves 2
a: Renounce Religion, Depart the Abyss, Bend Space


You were on level 3 of the Dungeon.
You worshipped Lugonu.
Lugonu was pleased with you.
You visited 1 branch of the dungeon, and saw 3 of its levels.
You visited the Abyss 1 time.

You collected 112 gold pieces.


Innate Abilities, Weirdness & Mutations

You have hoof-like feet.


   Skills:
 - Level 3.0 Fighting
 - Level 1.7 Armour
 - Level 0.8 Dodging
 + Level 4.7 Unarmed Combat
 - Level 2.4 Invocations


You had 3 spell levels left.
You didn't know any spells.
Your spell library contained the following spells:

 Spells                   Type           Power      Damage    Failure   Level
 Freeze                   Ice            0%         1d3       36%         1
 Frozen Ramparts          Ice            0%         1d2       75%         3
 Hailstorm                Conj/Ice       0%         3d3       98%         4

Inventory:

Missiles
 f - 5 curare-tipped darts {=f}
 j - 100 stones
Armour
 a - a +0 leather armour (worn)
 d - a +0 leather armour
   (You found it on level 1 of the Dungeon)
 e - a +0 robe
   (You found it on level 1 of the Dungeon)
 i - a +0 pair of boots
   (You found it on level 2 of the Dungeon)
 l - a +0 ring mail
   (You found it on level 2 of the Dungeon)
 n - a +0 ring mail
   (You found it on level 2 of the Dungeon)
 t - a +0 leather armour
   (You found it on level 3 of the Dungeon)
Magical Staves
 o - a staff of poison {!a}
   (You found it on level 2 of the Dungeon)
Scrolls
 b - a scroll of noise {unknown}
 g - a scroll of fog {unknown}
 h - 2 scrolls of teleportation {unknown}
 k - 8 scrolls of identify {unknown}
 m - a scroll of enchant weapon {unknown}
 p - a scroll of magic mapping {unknown}
 q - a scroll of immolation {unknown}
Potions
 c - 2 potions of lignification {!q}
 r - a potion of degeneration {unknown}
 s - a potion of heal wounds {unknown}
 u - a potion of haste {unknown}
 v - a potion of curing {unknown}

Dungeon Overview and Level Annotations

Branches:
Dungeon (3/15)

Altars:
Wu Jian

######### ........# ########
........######......#############
........'....'..............>....
........####...)o......#####.####
.............###@###..... #.###.
........###..#.o...#..###. #.##..
........# #).#.....#...... #.##..
#####'### #).#.._..#..###..#.##..
#####.. #..#.....#.####..#.###.
...... ..'..#.....#.........# #.
#####. #.#..#######..####.#.# #.
....# #.#...........# #.#.# #.
###.# . #.###.##....# #.#.###.


You could see 2 orcs.


Message History

No target in view!
There is an open door here.
There is an open door here.
v - a grey potion 😎 HP[+3]
Your hp is fully restored (35).
No target in view!
You open the door.
There is an open door here.
As you open the door, it creaks loudly!
No target in view!
There is an open door here.
c - 2 potions of lignification {!q} (gained 1)
You open the door.
There is an open door here.
Found an ornate altar of the Wu Jian Council.
No target in view!
A kobold comes into view.
It is wielding a +2 short sword of protection.
The kobold shouts!
You hear a shout! x2
A kobold is nearby!
The kobold barely misses you.
You hit the kobold.
You kill the kobold!
Lugonu accepts your kill.
No target in view!
No target in view!
Things that are here:
a +2 short sword of protection; a kobold corpse An orc comes into view.
It is wielding a +0 hand axe.
The orc shouts!
An orc is nearby!
Things that are here:
a +2 short sword of protection; a kobold corpse You hit the orc.
You kick the orc. You closely miss the orc. You kick the orc.
The orc closely misses you.
You barely miss the orc. The orc barely misses you.
You hit the orc.
You kill the orc!
Lugonu accepts your kill.
No target in view!
An orc comes into view. It is wielding a +0 hand axe.
No reachable target in view!
No reachable target in view!
No reachable target in view!
An orc is nearby!
No reachable target in view!
The orc shouts!
An orc wizard comes into view. It is wielding a +0 dagger.
There is an open door here.
An orc comes into view. It is wielding a +0 whip.
Things that are here:
a book of Frost; 11 gold pieces
Okay, then.
You pick up a book of Frost and begin reading...
You add the spells Freeze, Frozen Ramparts and Hailstorm to your library.
You now have 112 gold pieces (gained 11).
The orc wizard closely misses you. The orc hits you with a +0 hand axe.
There is an open door here. 😕 HP[-2]
You take 2 damage, and now have 33/35 hp.
You hit the orc wizard. You kick the orc wizard.
The orc wizard hits you with a +0 dagger.
The orc hits you but does no damage. 😕 HP[-2]
You take 2 damage, and now have 31/35 hp.
You closely miss the orc wizard. Your kick misses the orc wizard.
The orc wizard misses you. The orc closely misses you.
You completely miss the orc wizard. You kick the orc wizard.
Your punch misses the orc wizard. The orc wizard casts a spell at you.
The puff of flame hits you! 😮 HP[-11]
You take 11 damage, and now have 20/35 hp.
MASSIVE DAMAGE!! (PAUSE)
You miss the orc wizard. Your kick misses the orc wizard.
The orc hits you with a +0 hand axe.
* * * LOW HITPOINT WARNING * * *
The orc wizard mumbles some strange words.
The orc wizard flickers and vanishes!
Deactivating autopickup; reactivate with Ctrl-A. 😨 HP[-6]
You take 6 damage, and now have 14/35 hp.
You closely miss something. The orc closely misses you.
The orc barely misses you. Something barely misses you. 😨 HP[+1]
You hit something. Lugonu accepts your kill.
Reactivating autopickup.
You feel a bit more experienced. The orc hits you with a +0 hand axe!
* * * LOW HITPOINT WARNING * * *
The orc hits you with a +0 whip.
* * * LOW HITPOINT WARNING * * *
😱 HP[-8]
You take 8 damage, and now have 7/35 hp.
MASSIVE DAMAGE!! (PAUSE)
Okay, then.
You closely miss the orc. The orc hits you with a +0 hand axe.
* * * LOW HITPOINT WARNING * * *
The orc hits you with a +0 whip.
You die...

Skill      XL: |  1  2  3 |
---------------+----------+-----
Unarmed Combat | 2 3 4 |  4.7
Fighting       | |  3.0
Armour         | |  1.7
Dodging        | |  0.8
Invocations    | |  2.4

Action                   |  1- 3 |  4- 6 || total
-------------------------+-------+-------++-------
Melee: Unarmed           |   139 |    56 ||   195
       Kick              |    26 |    14 ||    40
       Punch             |     1 |     4 ||     5
  Use: Potion            |       |     1 ||     1
 Stab: Held in net/web   |     1 |       ||     1
       Sleeping          |       |     1 ||     1
Armor: Leather armour    |    36 |    10 ||    46
       Skin              |       |     1 ||     1
Dodge: Dodged            |    75 |    32 ||   107

Levels and vault maps discovered:
D:1:      dpeg_arrival_another_circle, layout_rooms,
          ebering_ecumenical_altar_webs, minmay_misc_feat_rows, st_stairs_4,
          serial_bayou_lagoon_b
D:2:      layout_basic, serial_glass, glass_columns_a, glass_columns_b,
          minmay_fractal_squares_gapless_5
D:3:      layout_basic, amcnicky_altar_gilded, kennysheep_generic_room_8

Notes
Turn   | Place    | Note
-------+----------+-------------------------------------------
     0 | Abyss:1  | esteth the Demonspawn Abyssal Knight began the quest for
                  | the Orb.
     0 | Abyss:1  | Reached XP level 1. HP: 18/18 MP: 2/2
     0 | Abyss:1  | magus.rc [v1.11.3]
   190 | Abyss:1  | Found a corrupted altar of Lugonu.
   220 | D:1      | You pass through the gate.
   220 | D:1      | Escaped the Abyss
   263 | D:1      | Reached skill level 2 in Unarmed Combat
   409 | D:1      | HP: 3/18 [hobgoblin (2)]
   413 | D:1      | Gained mutation: You have large cloven feet. [demonic
                  | ancestry]
   413 | D:1      | Reached XP level 2. HP: 5/24 MP: 3/3
   414 | D:1      | HP: 3/24 [hobgoblin (2)]
   688 | D:1      | Found a faded altar of an unknown god.
  1051 | D:1      | Reached skill level 3 in Unarmed Combat
  1437 | D:2      | Reached ** piety under Lugonu
  1471 | D:2      | Reached XP level 3. HP: 29/29 MP: 4/4
  1995 | D:2      | HP: 7/29 [poisoned by an adder]
  2477 | D:2      | Reached skill level 4 in Unarmed Combat
  2477 | D:2      | Gained mutation: You have hoof-like feet. [demonic
                  | ancestry]
  2477 | D:2      | Reached XP level 4. HP: 30/35 MP: 5/5
  3148 | D:3      | HP: 13/52 [poisoned by an adder]
  3153 | D:3      | HP: 8/52 [poisoned by an adder]
  3629 | D:3      | Found an ornate altar of the Wu Jian Council.
  3651 | D:3      | You pick up a book of Frost and begin reading...
  3651 | D:3      | You add the spells Freeze, Frozen Ramparts and Hailstorm to
                  | your library.
  3660 | D:3      | HP: 8/35 [orc/+0 hand axe (7)]
  3661 | D:3      | HP: 3/35 [orc/+0 hand axe (4)]
  3661 | D:3      | Slain by an orc

Vanquished Creatures
  An orc wizard (D:3)
  5 adders
  A worm (D:2)
  2 orcs (D:3)
  9 endoplasms
  2 giant cockroaches
  8 goblins
  5 hobgoblins
  2 jackals (D:2)
  5 kobolds
  A quokka (D:1)
  A ball python (D:1)
  5 bats
  5 frilled lizards
  4 rats
56 creatures vanquished.

Table legend:
 A = Non-vault XP
 B = Vault XP
 C = Vault XP percentage of total XP
 D = Non-vault monster count
 E = Vault monster count
 F = Vault count percentage of total count
                 A         B        C        D         E       F
            +---------+---------+-------+---------+---------+-------
      Total |     164 |      26 |  13.7 |      49 |       7 |  12.5
            +---------+---------+-------+---------+---------+-------
        D:1 |      26 |       4 |  13.3 |      16 |       2 |  11.1
        D:2 |      59 |      20 |  25.3 |      21 |       4 |  16.0
        D:3 |      79 |       2 |   2.5 |      12 |       1 |   7.7
            +---------+---------+-------+---------+---------+-------

Illustrated notes

Table legend:
 A = Kills in this place as a percentage of kills in entire the game.
 B = Kills by you in this place as a percentage of kills by you in the entire game.
 C = Kills by friends in this place as a percentage of kills by friends in the entire game.
 D = Other kills in this place as a percentage of other kills in the entire game.
 E = Experience gained in this place as a percentage of experience gained in the entire game.
 F = Experience gained in this place divided by the number of levels of this place that you have seen.
                   A       B       C       D       E      F
               +-------+-------+-------+-------+-------+----------------------
         Total | 100.0 | 100.0 |   N/A |   N/A | 100.0 |  47.5
       Dungeon | 100.0 | 100.0 |   N/A |   N/A | 100.0 |  63.3
               +-------+-------+-------+-------+-------+----------------------

Table legend: (Time is in decaauts)
 A = Elapsed time spent in this place.
 B = Non-inter-level travel time spent in this place.
 C = Inter-level travel time spent in this place.
 D = Time resting spent in this place.
 E = Time spent auto-exploring this place.
 F = Levels seen in this place.
 G = Mean time per level.
                   A        B        C        D        E       F      G
               +--------+--------+--------+--------+--------+-----+--------+
         Total |   3665 |   3592 |     73 |      0 |   3187 |   4 |  916.2 |
       Dungeon |   3445 |   3372 |     73 |      0 |   2976 |   3 | 1148.3 |
         Abyss |    220 |    220 |      0 |      0 |    211 |   1 |  220.0 |
               +--------+--------+--------+--------+--------+-----+--------+

Top non-repeatable levels by time:
     D:2: 1609 daAuts
     D:1: 1053 daAuts
     D:3: 782 daAuts
 Abyss:1: 220 daAuts
